| TOP OF THE 1ST |
|
Bowie Baysox batting - Pitching for Erie SeaWolves : RHP Jerome Stady
|
|
Pitching: RHP Jerome Stady
|
|
|
Batting: RHB Alfredo Reguera
|
0-0: Ground out U3 (Groundball, 3S, EV 78.8 MPH)
|
|
Batting: RHB Daniel Jackson
|
0-0: Ball 1-0: Ball 2-0: Foul Ball, location: 2F 2-1: Ball 3-1: Called Strike 3-2: Fly out, F7 (Flyball, 7S, EV 86.9 MPH)
|
|
Batting: LHB Pat Fontana
|
0-0: Ball 1-0: Ball 2-0: Foul Ball, location: 2F 2-1: SINGLE (Groundball, 34S, EV 64.4 MPH) (infield hit)
|
|
Batting: RHB Jonathan Mendoza
|
0-0: Ball 1-0: Ball 2-0: Fly out, F7 (Flyball, 7LD, EV 104.4 MPH)
|
| Top of the 1st over - 0 runs, 1 hit, 0 errors, 1 left on base; Bowie 0 - Erie 0 |
| BOTTOM OF THE 1ST |
|
Erie SeaWolves batting - Pitching for Bowie Baysox : RHP Kevin Stewart
|
|
Pitching: RHP Kevin Stewart
|
|
|
Batting: RHB Brandon O'Malley
|
0-0: Ball 1-0: Called Strike 1-1: Foul Ball, location: 2F 1-2: Foul Ball, location: 2F 1-2: Strikes out swinging
|
|
Batting: RHB Jon Goldstein
|
0-0: Called Strike 0-1: Ball 1-1: Ball 2-1: Foul Ball, location: 2F 2-2: SINGLE (Line Drive, 34D, EV 97.5 MPH)
|
|
Batting: SHB Willie Medina
|
0-0: Ball 1-0: Fielders Choice at 2nd, 6-4 (Groundball, 6, EV 108.8 MPH)
|
|
Batting: LHB Afanasy Zasekin
|
0-0: Called Strike 0-1: Ball 1-1: Called Strike 1-2: Ball Willie Medina is caught stealing 2nd base 2-6
|
| Bottom of the 1st over - 0 runs, 1 hit, 0 errors, 0 left on base; Bowie 0 - Erie 0 |
| TOP OF THE 2ND |
|
Bowie Baysox batting - Pitching for Erie SeaWolves : RHP Jerome Stady
|
|
Batting: RHB Ethan Finke
|
0-0: Foul Ball, location: 2F 0-1: Foul Ball, location: 2F 0-2: Foul Ball, location: 2F 0-2: Strikes out swinging
|
|
Batting: RHB Mike Pitts
|
0-0: Called Strike 0-1: Swinging Strike 0-2: Foul Ball, location: 2F 0-2: Ball 1-2: Ball 2-2: Strikes out swinging, 2-3 out at first.
|
|
Batting: RHB Joe Young
|
0-0: Foul Ball, location: 2F 0-1: Ground out 4-3 (Groundball, 4, EV 103.1 MPH)
|
| Top of the 2nd over - 0 runs, 0 hits, 0 errors, 0 left on base; Bowie 0 - Erie 0 |
| BOTTOM OF THE 2ND |
|
Erie SeaWolves batting - Pitching for Bowie Baysox : RHP Kevin Stewart
|
|
Batting: LHB Afanasy Zasekin
|
0-0: Ball 1-0: Called Strike 1-1: SINGLE (Groundball, 13, EV 90.0 MPH) (infield hit)
|
|
Batting: LHB Jamie Christian
|
0-0: Ground out 6-3 (Groundball, P, EV 95.0 MPH) Afanasy Zasekin to second
|
|
Batting: RHB Norm Wood
|
0-0: Called Strike 0-1: Ball 1-1: Ball 2-1: Ground out U3 (Groundball, 3L, EV 80.0 MPH) Afanasy Zasekin to third
|
|
Batting: RHB Keith Hoffman
|
0-0: Called Strike 0-1: Ball 1-1: Called Strike 1-2: Ball 2-2: Foul Ball, location: 2F 2-2: Foul Ball, location: 2F 2-2: Foul Ball, location: 2F 2-2: SINGLE (Line Drive, 89S, EV 98.8 MPH) Afanasy Zasekin scores
|
|
Batting: RHB Tanner Purchase
|
0-0: Called Strike 0-1: Ball 1-1: Foul Ball, location: 2F 1-2: Strikes out looking
|
| Bottom of the 2nd over - 1 run, 2 hits, 0 errors, 1 left on base; Bowie 0 - Erie 1 |
| TOP OF THE 3RD |
|
Bowie Baysox batting - Pitching for Erie SeaWolves : RHP Jerome Stady
|
|
Batting: RHB Marquis Major
|
0-0: Ball 1-0: Ball 2-0: Called Strike 2-1: Foul Ball, location: 2F 2-2: Strikes out swinging
|
|
Batting: RHB Ismael Macedo
|
0-0: Hit by Pitch
|
|
Batting: RHB Alfredo Reguera
|
0-0: Called Strike 0-1: Ball 1-1: Ball 2-1: Ball 3-1: SINGLE (Line Drive, 4MD, EV 95.6 MPH) Ismael Macedo to second Runner from 2nd tries for 3rd, SAFE, throw by CF made to third
|
|
Batting: RHB Daniel Jackson
|
0-0: Called Strike 0-1: Ball 1-1: Ground out 4-3 (Groundball, 34, EV 105.6 MPH) Ismael Macedo scores Alfredo Reguera to second
|
|
Batting: LHB Pat Fontana
|
0-0: Fly out, F8 (Flyball, 78D, EV 96.2 MPH)
|
| Top of the 3rd over - 1 run, 1 hit, 0 errors, 1 left on base; Bowie 1 - Erie 1 |
| BOTTOM OF THE 3RD |
|
Erie SeaWolves batting - Pitching for Bowie Baysox : RHP Kevin Stewart
|
|
Batting: SHB Chris Wagler
|
0-0: Called Strike 0-1: Ball 1-1: Ball 2-1: Foul Ball, location: 2F 2-2: Ball 3-2: Strikes out looking
|
|
Batting: RHB Brandon O'Malley
|
0-0: Ball 1-0: SINGLE (Line Drive, 78S, EV 105.0 MPH)
|
|
Batting: RHB Jon Goldstein
|
0-0: Called Strike Brandon O'Malley steals 2nd base 0-1: Ball 1-1: Called Strike 1-2: Ball 2-2: Ground out 5-3 (Groundball, 56S, EV 75.0 MPH) Brandon O'Malley to third
|
|
Batting: SHB Willie Medina
|
0-0: Foul Ball, location: 2F 0-1: Ball 1-1: Swinging Strike 1-2: Ball 2-2: Fly out, F8 (Flyball, 8RD, EV 106.2 MPH)
|
| Bottom of the 3rd over - 0 runs, 1 hit, 0 errors, 1 left on base; Bowie 1 - Erie 1 |
| TOP OF THE 4TH |
|
Bowie Baysox batting - Pitching for Erie SeaWolves : RHP Jerome Stady
|
|
Batting: RHB Jonathan Mendoza
|
0-0: Fly out, F9 (Line Drive, 9, EV 90.6 MPH)
|
|
Batting: RHB Ethan Finke
|
0-0: Foul Ball, location: 2F 0-1: Ball 1-1: Ball 2-1: Ground out U3 (Groundball, 3, EV 99.4 MPH)
|
|
Batting: RHB Mike Pitts
|
0-0: Called Strike 0-1: Called Strike 0-2: TRIPLE (Flyball, 89XD, EV 110.6 MPH)
|
|
Batting: RHB Joe Young
|
0-0: SINGLE (Groundball, 4MD, EV 97.5 MPH) Mike Pitts scores
|
|
Batting: RHB Marquis Major
|
0-0: Ball Joe Young steals 2nd base 1-0: Called Strike 1-1: Ball 2-1: Fly out, F9 (Line Drive, 89M, EV 93.1 MPH)
|
| Top of the 4th over - 1 run, 2 hits, 0 errors, 1 left on base; Bowie 2 - Erie 1 |
| BOTTOM OF THE 4TH |
|
Erie SeaWolves batting - Pitching for Bowie Baysox : RHP Kevin Stewart
|
|
Batting: LHB Afanasy Zasekin
|
0-0: Swinging Strike 0-1: Called Strike 0-2: Strikes out swinging
|
|
Batting: LHB Jamie Christian
|
0-0: Swinging Strike 0-1: Foul Ball, location: 2F 0-2: Strikes out swinging
|
|
Batting: RHB Norm Wood
|
0-0: Ball 1-0: Swinging Strike 1-1: Swinging Strike 1-2: Strikes out swinging
|
| Bottom of the 4th over - 0 runs, 0 hits, 0 errors, 0 left on base; Bowie 2 - Erie 1 |
| TOP OF THE 5TH |
|
Bowie Baysox batting - Pitching for Erie SeaWolves : RHP Jerome Stady
|
|
Batting: RHB Ismael Macedo
|
0-0: Ball 1-0: Reached via error on a dropped throw from SS, E3 (Groundball, 56, EV 101.9 MPH)
|
|
Batting: RHB Alfredo Reguera
|
0-0: Swinging Strike 0-1: Ball 1-1: Foul Ball, location: 2F 1-2: Strikes out swinging
|
|
Batting: RHB Daniel Jackson
|
0-0: Ground out 5-3 (Groundball, 56, EV 103.1 MPH) Ismael Macedo to second
|
|
Batting: LHB Pat Fontana
|
0-0: Called Strike 0-1: Called Strike 0-2: DOUBLE (Flyball, 78XD, EV 106.2 MPH) Ismael Macedo scores
|
|
Batting: RHB Jonathan Mendoza
|
0-0: Ball 1-0: Called Strike 1-1: Ball 2-1: Foul Ball, location: 2F 2-2: Ball 3-2: Fly out, F8 (Flyball, 8LD, EV 96.9 MPH)
|
| Top of the 5th over - 1 run, 1 hit, 1 error, 1 left on base; Bowie 3 - Erie 1 |
| BOTTOM OF THE 5TH |
|
Erie SeaWolves batting - Pitching for Bowie Baysox : RHP Kevin Stewart
|
|
Batting: RHB Keith Hoffman
|
0-0: Ball 1-0: Ball 2-0: Called Strike 2-1: Foul Ball, location: 2F 2-2: Foul Ball, location: 2F 2-2: SINGLE (Line Drive, 8RS, EV 99.4 MPH)
|
|
Batting: RHB Tanner Purchase
|
0-0: Ball 1-0: Ball 2-0: Called Strike 2-1: Swinging Strike 2-2: Foul Ball, location: 2F 2-2: Grounds into double play, 6-4-3 (Groundball, 6, EV 104.4 MPH)
|
|
Batting: SHB Chris Wagler
|
0-0: Called Strike 0-1: Foul Ball, location: 2F 0-2: Foul Ball, location: 2F 0-2: Ball 1-2: Fly out, F7 (Flyball, 78M, EV 94.4 MPH)
|
| Bottom of the 5th over - 0 runs, 1 hit, 0 errors, 0 left on base; Bowie 3 - Erie 1 |
| TOP OF THE 6TH |
|
Bowie Baysox batting - Pitching for Erie SeaWolves : RHP Jerome Stady
|
|
Batting: RHB Ethan Finke
|
0-0: Ball 1-0: Ground out 6-3 (Groundball, P, EV 77.5 MPH)
|
|
Batting: RHB Mike Pitts
|
0-0: Ball 1-0: Ball 2-0: Foul Ball, location: 2F 2-1: Called Strike 2-2: Foul Ball, location: 2F 2-2: Foul Ball, location: 2F 2-2: Strikes out looking
|
|
Batting: RHB Joe Young
|
0-0: Ball 1-0: Ground out 6-3 (Groundball, 6, EV 107.5 MPH)
|
| Top of the 6th over - 0 runs, 0 hits, 0 errors, 0 left on base; Bowie 3 - Erie 1 |
| BOTTOM OF THE 6TH |
|
Erie SeaWolves batting - Pitching for Bowie Baysox : RHP Kevin Stewart
|
|
Batting: RHB Brandon O'Malley
|
0-0: SINGLE (Groundball, 34D, EV 98.1 MPH)
|
|
Batting: RHB Jon Goldstein
|
0-0: Ball 1-0: Called Strike 1-1: Called Strike 1-2: Fielders Choice at 2nd, 4-6 (Groundball, 4, EV 103.8 MPH)
|
|
Batting: SHB Willie Medina
|
0-0: SINGLE (Groundball, 56D, EV 105.6 MPH) Jon Goldstein to second
|
|
Batting: LHB Afanasy Zasekin
|
0-0: Ball 1-0: Fielders Choice at 2nd, 4-6 (Groundball, 4, EV 83.1 MPH) Jon Goldstein to third
|
|
Now at 2B: Chris Wright
|
|
|
Now at SS: Joe Young
|
|
|
Batting: LHB Jamie Christian
|
0-0: Ball 1-0: Ball 2-0: Fly out, F8 (Flyball, 8LD, EV 98.8 MPH)
|
| Bottom of the 6th over - 0 runs, 2 hits, 0 errors, 2 left on base; Bowie 3 - Erie 1 |
| TOP OF THE 7TH |
|
Bowie Baysox batting - Pitching for Erie SeaWolves : RHP Jerome Stady
|
|
Batting: RHB Marquis Major
|
0-0: Ball 1-0: Ball 2-0: Ball 3-0: Foul Ball, location: 2F 3-1: Swinging Strike 3-2: Strikes out swinging
|
|
Batting: RHB Ismael Macedo
|
0-0: Called Strike 0-1: Foul Ball, location: 2F 0-2: Foul Ball, location: 2F 0-2: Ball 1-2: Strikes out swinging
|
|
Batting: RHB Alfredo Reguera
|
0-0: Foul Ball, location: 2F 0-1: Ground out 1-3 (Groundball, P, EV 68.1 MPH)
|
| Top of the 7th over - 0 runs, 0 hits, 0 errors, 0 left on base; Bowie 3 - Erie 1 |
| BOTTOM OF THE 7TH |
|
Erie SeaWolves batting - Pitching for Bowie Baysox : RHP Kevin Stewart
|
|
Now in CF: Wil Ochoa
|
|
|
Now in RF: Alfredo Reguera
|
|
|
Batting: RHB Norm Wood
|
0-0: Foul Ball, location: 2F 0-1: Ball 1-1: Ground out 4-3 (Groundball, 4, EV 101.9 MPH)
|
|
Batting: RHB Keith Hoffman
|
0-0: Ball 1-0: Fly out, F7 (Flyball, 78M, EV 90.6 MPH)
|
|
Batting: RHB Tanner Purchase
|
0-0: Ball 1-0: Ground out 6-3 (Groundball, 6, EV 83.8 MPH)
|
| Bottom of the 7th over - 0 runs, 0 hits, 0 errors, 0 left on base; Bowie 3 - Erie 1 |
| TOP OF THE 8TH |
|
Bowie Baysox batting - Pitching for Erie SeaWolves : RHP Jerome Stady
|
|
Batting: RHB Wil Ochoa
|
0-0: Ball 1-0: SINGLE (Groundball, 4M, EV 103.1 MPH) (infield hit)
|
|
Batting: LHB Pat Fontana
|
0-0: Called Strike Wil Ochoa steals 2nd base 0-1: Called Strike 0-2: Ball 1-2: Ball 2-2: Ball 3-2: DOUBLE (Groundball, 5L, EV 97.5 MPH) Wil Ochoa scores
|
|
Pitching: LHP Jim Daum
|
|
|
Batting: RHB Jonathan Mendoza
|
0-0: SINGLE (Line Drive, 4MD, EV 105.6 MPH) Pat Fontana to third Runner from 3rd tries for Home, SAFE, throw by CF to home Jonathan Mendoza to second
|
|
Batting: SHB Chris Wright
|
0-0: Foul Ball, location: 2F 0-1: Ball 1-1: Foul Ball, location: 2F 1-2: SINGLE (Line Drive, 4D, EV 99.4 MPH) Jonathan Mendoza to third
|
|
Batting: RHB Mike Pitts
|
0-0: Called Strike 0-1: Called Strike 0-2: Foul Ball, location: 2F 0-2: Fielders Choice at 2nd, 5-4 (Groundball, 56S, EV 91.9 MPH) Jonathan Mendoza scores
|
|
Batting: RHB Joe Young
|
0-0: Grounds into double play, 6-4-3 (Groundball, 6, EV 107.5 MPH)
|
| Top of the 8th over - 3 runs, 4 hits, 0 errors, 0 left on base; Bowie 6 - Erie 1 |
| BOTTOM OF THE 8TH |
|
Erie SeaWolves batting - Pitching for Bowie Baysox : RHP Kevin Stewart
|
|
Pitching: LHP Justin Hinton
|
|
|
Batting: SHB Chris Wagler
|
0-0: Fly out, F9 (Flyball, 9D, EV 94.4 MPH)
|
|
Batting: RHB Brandon O'Malley
|
0-0: Ball 1-0: Ball 2-0: Foul Ball, location: 2F 2-1: Ground out 6-3 (Groundball, 6S, EV 71.2 MPH)
|
|
Batting: RHB Jon Goldstein
|
0-0: Ball 1-0: Called Strike 1-1: Swinging Strike 1-2: Strikes out swinging
|
| Bottom of the 8th over - 0 runs, 0 hits, 0 errors, 0 left on base; Bowie 6 - Erie 1 |
| TOP OF THE 9TH |
|
Bowie Baysox batting - Pitching for Erie SeaWolves : LHP Jim Daum
|
|
Batting: RHB Marquis Major
|
0-0: Foul Ball, location: 2F 0-1: Fly out, F8 (Flyball, 8LXD, EV 105.6 MPH)
|
|
Batting: RHB Ismael Macedo
|
0-0: Called Strike 0-1: Ball 1-1: Ball 2-1: Ball 3-1: Foul Ball, location: 2F 3-2: Strikes out looking
|
|
Batting: RHB Alfredo Reguera
|
0-0: Called Strike 0-1: Ball 1-1: Ball 2-1: Called Strike 2-2: Strikes out looking
|
| Top of the 9th over - 0 runs, 0 hits, 0 errors, 0 left on base; Bowie 6 - Erie 1 |
| BOTTOM OF THE 9TH |
|
Erie SeaWolves batting - Pitching for Bowie Baysox : LHP Justin Hinton
|
|
Batting: SHB Willie Medina
|
0-0: Called Strike 0-1: TRIPLE (Flyball, 7D, EV 102.5 MPH)
|
|
Batting: LHB Afanasy Zasekin
|
0-0: Called Strike 0-1: Ball 1-1: Ball 2-1: Ball 3-1: DOUBLE (Groundball, 3L, EV 95.0 MPH) Willie Medina scores
|
|
Pinch Hitting: RHB J.J. Basil
|
0-0: Called Strike 0-1: SINGLE (Line Drive, 6D, EV 94.4 MPH) Afanasy Zasekin to third
|
|
Pitching: RHP Jon Grason
|
|
|
Now at 1B: HonĂ³rio Szenes
|
|
|
Batting: RHB Norm Wood
|
0-0: Ball 1-0: SINGLE (Flyball, 34D, EV 92.5 MPH) Afanasy Zasekin scores J.J. Basil to second
|
|
Batting: RHB Keith Hoffman
|
0-0: Ball 1-0: Foul Ball, location: 2F 1-1: Fielders Choice at 2nd, 3-6 (Groundball, 34S, EV 90.0 MPH) J.J. Basil to third
|
|
Pinch Hitting: LHB Jon Frederick
|
0-0: Called Strike 0-1: Called Strike 0-2: Ball 1-2: Ball 2-2: Strikes out swinging
|
|
Batting: SHB Chris Wagler
|
0-0: Ball 1-0: Called Strike 1-1: Foul Ball, location: 2F 1-2: Foul Ball, location: 2F 1-2: Strikes out looking
|
| Bottom of the 9th over - 2 runs, 4 hits, 0 errors, 2 left on base; Bowie 6 - Erie 3 |
|